 Dungeon Crawl Stone Soup version 0.15-a0-1854-g6489380 (webtiles) character file.

1226 Moloch the Digger (level 8, -8/36 HPs)
             Began as a Spriggan Earth Elementalist on July 2, 2014.
             Was a Believer of Qazlal.
             Splashed by a jelly's acid (13 damage)
             ... on Level 7 of the Dungeon on July 3, 2014.
             The game lasted 02:07:41 (8482 turns).

Moloch the Digger (Spriggan Earth Elementalist)     Turns: 8482, Time: 02:07:52

HP  -8/36        AC  0     Str  4      XL: 8   Next: 23%
MP  17/22        EV 18     Int 19      God: Qazlal [**....]
Gold 319         SH  3     Dex 15 (16) Spells:  3 memorised,  8 levels left

rFire  . . .     SeeInvis +     e - +1 dagger
rCold  . . .     Clarity  .     c - +0 robe
rNeg   . . .     rCorr    .     (shield restricted)
rPois  .         rRot     .     (helmet restricted)
rElec  .         Spirit   .     (no cloak)
SustAb .         Warding  .     (gloves unavailable)
rMut   .         Stasis   .     (boots unavailable)
Gourm  .                        (no amulet)
MR     +....                    (no ring)
                                p - +3 ring of protection

@: corroded equipment, starving, very quick, somewhat resistant to hostile
enchantments, unstealthy
A: unfitting armour, see invisible, herbivore 3, speed 3, slow metabolism 2
a: Upheaval, Renounce Religion


You were on level 7 of the Dungeon.
You worshipped Qazlal.
Qazlal was pleased with you.
You were starving.

You visited 1 branch of the dungeon, and saw 7 of its levels.

You collected 319 gold pieces.

Inventory:

Hand weapons
 e - a +1 dagger (weapon)
Missiles
 b - 141 stones (quivered)
Armour
 c - a +0 robe (worn)
Magical devices
 v - a wand of frost (12)
 w - a wand of flame (10)
Scrolls
 i - 2 scrolls of blinking
 m - 4 scrolls of identify
 o - a scroll of enchant weapon
 q - a scroll of remove curse
 x - a scroll of recharging
Jewellery
 p - a +3 ring of protection (left hand)
Potions
 a - a potion of porridge
 h - 2 potions of degeneration {unknown}
 k - a potion of resistance
 l - a potion of brilliance {unknown}
 n - a potion of agility {unknown}
 r - 2 potions of paralysis {unknown}
 s - a potion of curing {unknown}
 t - a potion of flight {unknown}
 u - a potion of beneficial mutation {unknown}
 z - a potion of magic {unknown}
Books
 d - a book of Geomancy

   Spells                             Type                      Level
   *Sandblast                         Earth                        1
   *Stoneskin                         Transmutation/Earth          2
   Passwall                           Transmutation/Earth          3
   *Stone Arrow                       Conjuration/Earth            3
   Petrify                            Transmutation/Earth          4
   Lee's Rapid Deconstruction         Earth                        5
 y - Sif Muna's Guide on the Rocks
   (You acquired it on level 5 of the Dungeon)

   Spells                             Type                      Level
   *Sandblast                         Earth                        1
   Leda's Liquefaction                Hexes/Earth                  4
   Iron Shot                          Conjuration/Earth            6
   Shatter                            Earth                        9


   Skills:
 - Level 0.1 Fighting
 - Level 3.5 Dodging
 - Level 3.1 Stealth
 - Level 3.5 Spellcasting
 - Level 7.2 Transmutations
 + Level 7.7 Earth Magic


You had 8 spell levels left.
You knew the following spells:

 Your Spells              Type           Power        Failure   Level  Hunger
a - Sandblast             Erth           ####..       1%          1    None
b - Stoneskin             Trmt/Erth      ####......   1%          2    ##.....
c - Stone Arrow           Conj/Erth      ###...       12%         3    ###....


Dungeon Overview and Level Annotations

Branches:
Dungeon (7/15)
 Temple: D:4-7

Altars:
Gozag
Qazlal
Sif Muna
Xom

Shops:
D:5 [   D:6 *

Annotations:
D:6 Pikel


Innate Abilities, Weirdness & Mutations

You are tiny and cannot use many weapons and most armour.
You have supernaturally acute eyesight.
You are a herbivore.
You cover ground extremely quickly.
You need consume almost no food.


Message History

The hound barks!
The hound bites you.
* * * LOW HITPOINT WARNING * * *
You block the hound's attack.
Found 21 sling bullets.
An orc comes into view. It is wielding a trident.
The orc shouts!
The hound closely misses you. The giant frog barely misses you.
The giant frog barely misses you.
Found a stone staircase leading down.
The jelly quivers.
You see here 21 sling bullets.
You hit the jelly but do no damage. The acid corrodes your equipment!
The hound bites you.
* * * LOW HITPOINT WARNING * * *
The jelly hits you.
* * * LOW HITPOINT WARNING * * *
You are splashed with acid!
The acid burns!
You die...

###.#o##.....>#
##..........#
#..ยง........###
##.#...........
##.#.#......##
#....#......#
#........F..#####
#[...####h#.......
#....# #@J.......
##...# #.>.......
#...# #........
#...# #.#.####.
#...####.#.#
#...##.....#
######........###
##.............####
#.............<...#


You could see a giant frog, a hound and a jelly.

Vanquished Creatures
  Eustachio (D:5)
  2 ogres
  An ice beast (D:5)
  A slave (D:6)
  The ghost of WhatIsLove the Shield-Bearer, an average FoFi (D:3)
  A centaur (D:5)
  A giant frog (D:4)
  3 scorpions
  2 quasits (D:5)
  An iguana (D:5)
  Crazy Yiuf (D:5)
  An orc priest (D:3)
  An orc wizard (D:3)
  3 worker ants (D:4)
  3 adders
  3 gnolls (D:5)
  4 shadow imps
  3 giant mites (D:5)
  An ufetubus (D:5)
  2 worms
  3 giant geckos
  2 oozes (D:2)
  16 orcs
  12 bats
  A bat skeleton (D:5)
  A bat zombie (D:4)
  8 giant cockroaches
  6 goblins
  10 hobgoblins
  11 kobolds
  4 quokkas
  A giant newt (D:6)
  A giant newt zombie (D:5)
  A hobgoblin skeleton (D:4)
  8 jackals
  A kobold skeleton (D:4)
  13 rats
135 creatures vanquished.

Notes
Turn   | Place    | Note
--------------------------------------------------------------
     0 | D:1      | Moloch, the Spriggan Earth Elementalist, began the quest for the Orb.
     0 | D:1      | Reached XP level 1. HP: 9/9 MP: 4/4
   608 | D:1      | Reached XP level 2. HP: 13/13 MP: 5/7
  1292 | D:2      | Learned a level 2 spell: Stoneskin
  1438 | D:2      | Reached XP level 3. HP: 16/16 MP: 9/11
  1543 | D:2      | Noticed an air elemental
  1544 | D:2      | Found a stormy altar of Qazlal.
  1558 | D:2      | Noticed a fire elemental
  1558 | D:2      | Noticed an earth elemental
  1558 | D:2      | Noticed a water elemental
  1563 | D:2      | Became a worshipper of Qazlal Stormbringer
  1609 | D:2      | Learned a level 3 spell: Stone Arrow
  2394 | D:3      | Acquired Qazlal's first power
  2394 | D:3      | Reached XP level 4. HP: 21/21 MP: 1/14
  2654 | D:3      | Reached skill level 4 in Transmutations
  2767 | D:3      | Noticed WhatIsLove's ghost (average FoFi)
  2806 | D:3      | Killed WhatIsLove's ghost
  2806 | D:3      | Reached skill level 5 in Transmutations
  2806 | D:3      | Reached XP level 5. HP: 6/24 MP: 0/16
  3039 | D:3      | Reached skill level 6 in Transmutations
  3881 | D:4      | Reached XP level 6. HP: 17/28 MP: 13/18
  4113 | D:4      | Reached skill level 7 in Transmutations
  4513 | D:4      | Noticed an ogre
  4546 | D:4      | Killed an ogre
  4695 | D:4      | Found an opulent altar of Gozag.
  4696 | D:4      | Found a deep blue altar of Sif Muna.
  5305 | D:4      | Acquired Qazlal's second power
  5383 | D:3      | Reached XP level 7. HP: 32/32 MP: 0/20
  5650 | D:5      | Entered Level 5 of the Dungeon
  6077 | D:5      | Reached skill level 5 in Earth Magic
  6509 | D:5      | Found Mitef's Armour Boutique.
  6520 | D:5      | Identified a scroll of acquirement
  6523 | D:5      | Identified Sif Muna's Guide on the Rocks (You acquired it on level 5 of the Dungeon)
  6815 | D:5      | Noticed Eustachio
  6825 | D:5      | Found a shimmering altar of Xom.
  7311 | D:5      | Reached XP level 8. HP: 36/36 MP: 11/22
  7753 | D:5      | Killed Eustachio
  8056 | D:5      | Noticed Crazy Yiuf
  8062 | D:5      | Killed Crazy Yiuf
  8113 | D:6      | Noticed Pikel
  8324 | D:6      | Found Schodymango's Assorted Antiques.
  8482 | D:7      | Splashed by a jelly's acid

Action                   |  1- 3 |  4- 6 |  7- 9 || total
-------------------------+-------+-------+-------++-------
Melee: Unarmed           |    18 |       |       ||    18
       Dagger            |    37 |    25 |    69 ||   131
 Cast: Sandblast         |    71 |    98 |    30 ||   199
       Stone Arrow       |    11 |    37 |    87 ||   135
       Stoneskin         |       |    10 |    21 ||    31
Invok: Upheaval          |       |       |     5 ||     5
Evoke: Wand              |       |     2 |       ||     2
  Use: Scroll            |     7 |     2 |     8 ||    17
 Stab: Sleeping          |     1 |       |       ||     1
